 Dungeon Crawl Stone Soup version 0.18-a0-19-g8b99b3a (webtiles) character file.

173 Raultor the Ruffian (level 5, -3/50 HPs)
             Began as a Troll Monk on Nov 1, 2015.
             Slain by Sigmund
             ... wielding a +2 scythe of freezing
              (9 damage)
             ... on level 3 of the Dungeon.
             The game lasted 00:05:31 (2104 turns).

Raultor the Ruffian (Troll Monk)                    Turns: 2104, Time: 00:05:31

Health: -3/50      AC:  5    Str: 20    XL:     5   Next: 28%
Magic:  4/4        EV: 10    Int:  6    God:
Gold:   209        SH:  0    Dex: 12    Spells: 0 memorised, 4 levels left

rFire  . . .     SeeInvis .       - Unarmed
rCold  . . .     Clarity  .     a - +0 robe
rNeg   . . .     SustAt   .     (no shield)
rPois  .         Gourm    +     (helmet restricted)
rElec  .         Spirit   .     (no cloak)
rCorr  .         Warding  .     (gloves unavailable)
rMut   .         Stasis   .     (boots unavailable)
MR     .....                    (no amulet)
Stlth  +.........               (no ring)
                                (no ring)

@: not resistant to hostile enchantments, very unstealthy
A: unfitting armour, claws 3, fast metabolism 3, gourmand, regeneration 2,
shaggy fur 1, tough skin 2
a: no special abilities


You were on level 3 of the Dungeon.
You were completely stuffed.

You visited 1 branch of the dungeon, and saw 3 of its levels.

You collected 209 gold pieces.

Inventory:

Armour
 a - a +0 robe (worn)
Jewellery
 p - a +4 ring of protection {unknown}
Wands
 m - a wand of slowing (38)
Scrolls
 c - a scroll of random uselessness {unknown}
 d - 2 scrolls of remove curse {unknown}
 g - a scroll of magic mapping {unknown}
 h - a scroll of blinking {unknown}
 i - 2 scrolls of identify {unknown}
 j - a scroll of enchant armour {unknown}
 k - a scroll of fear {unknown}
 l - a scroll of noise {unknown}
Potions
 e - a potion of degeneration {unknown}
 f - 5 potions of curing {unknown}
 n - a potion of mutation {unknown}
 q - 3 potions of lignification {unknown}
 r - a potion of haste {unknown}
 s - a potion of poison {unknown}
 t - a potion of might {unknown}
Comestibles
 b - 2 bread rations
 o - 4 chunks of flesh
 u - a slice of pizza


   Skills:
 - Level 2.4 Fighting
 - Level 2.4 Dodging
 - Level 1.1 Stealth
 + Level 6.6 Unarmed Combat


You had 4 spell levels left.
You didn't know any spells.

Dungeon Overview and Level Annotations

Branches:
Dungeon (3/15)

Altars:

Annotations:
D:3 Sigmund


Innate Abilities, Weirdness & Mutations

You are too large for most types of armour.
You have claws for hands.
Your metabolism is lightning-fast.
You like to eat raw meat.
You heal very quickly.
You are covered in fur (AC +1).
You have very tough skin (AC +2).


Message History

Sigmund casts a spell at you. You resist with some effort.
Sigmund hits you with a scythe of freezing!
Sigmund freezes you.
You're too confused to move!
Sigmund barely misses you.
Sigmund whispers, "You'll know eternity soon."
Sigmund hits you but does no damage.
You feel less confused.
Sigmund hits you with a scythe of freezing!
* * * LOW HITPOINT WARNING * * *
Sigmund freezes you.
* * * LOW HITPOINT WARNING * * *
Sigmund hits you from afar with a scythe of freezing.
* * * LOW HITPOINT WARNING * * *
Sigmund freezes you.
* * * LOW HITPOINT WARNING * * *
You scratch Sigmund but do no damage.
Sigmund hits you with a scythe of freezing!
You die...

#.. #.. ..# ... ...# #.#
#.... ... ....# ## #
##.##.#..# #.
#.##.....(..# #.
#.....(...... ##.
#..#.@.#.#.##. #####.[ #
##@...# #.[#.....#
#..###.##..#.###.. #
#..###.........÷## #.
#..#............#
###..##...............#
#.>......#............#
+..#..###†#..#.#...#...##
#..#......#.#<.#_#....


You could see Sigmund.

Vanquished Creatures
  Jessica (D:2)
  Terence (D:3)
  Natasha (thrice) (D:2)
  Robin (D:2)
  An adder (D:3)
  A worm (D:2)
  3 giant cockroaches
  12 goblins
  8 hobgoblins
  8 jackals (D:3)
  8 kobolds
  2 quokkas
  2 ball pythons
  4 bats
  4 giant newts
  3 rats
62 creatures vanquished.

Notes
Turn   | Place    | Note
--------------------------------------------------------------
     0 | D:1      | Raultor the Troll Monk began the quest for the Orb.
     0 | D:1      | Reached XP level 1. HP: 22/22 MP: 0/0
   297 | D:1      | Reached XP level 2. HP: 9/29 MP: 1/1
   926 | D:2      | Noticed Jessica
   932 | D:2      | Killed Jessica
   932 | D:2      | Reached skill level 5 in Unarmed Combat
   932 | D:2      | Reached XP level 3. HP: 36/36 MP: 2/2
   948 | D:2      | Noticed Natasha
   958 | D:2      | Killed Natasha
   958 | D:2      | Reached XP level 4. HP: 36/44 MP: 3/3
  1047 | D:2      | Noticed Robin
  1069 | D:2      | Killed Robin
  1078 | D:2      | Noticed Natasha
  1081 | D:2      | Killed Natasha
  1081 | D:2      | Reached skill level 6 in Unarmed Combat
  1169 | D:2      | Noticed Natasha
  1189 | D:2      | Killed Natasha
  1727 | D:3      | Found a faded altar to an unknown god.
  1730 | D:3      | Noticed Terence
  1796 | D:3      | Reached XP level 5. HP: 44/50 MP: 4/4
  1903 | D:3      | Killed Terence
  2090 | D:3      | Noticed Sigmund
  2104 | D:3      | Slain by Sigmund

Vault maps used:
D:1:      minmay_arrival_widening_spiral_wide, kennysheep_small_spiral
D:2:      hangedman_abyss_or_decor_stabs, st_stairs_7, minmay_misc_feat_iff,
          uniq_robin, uniq_jessica, uniq_natasha
D:3:      led_sif_pool, ecumenical_altar_1, uniq_sigmund, uniq_terence

Action                   |  1- 3 |  4- 6 || total
-------------------------+-------+-------++-------
Melee: Unarmed           |    45 |   110 ||   155
 Stab: Sleeping          |     4 |       ||     4
  Eat: Chunk             |    10 |    15 ||    25
